[Event "Israeli Team-ch 2023"]
[Site "Petah Tikva"]
[Date "2023.01.13"]
[Round "2.18"]
[White "Linker, Mikhail"]
[Black "Kuprijanov, Anatoly"]
[Result "0-1"]
[ECO "B13"]
[WhiteElo "2297"]
[BlackElo "2270"]
[Annotator "TA"]
[PlyCount "146"]
[EventDate "2023.01.13"]
[EventCountry "ISR"]
[SourceTitle "playchess.com"]
[Source "ChessBase"]
[SourceQuality "1"]
[TimeControl "40/5400+30:1800+30"]

1. e4 c6 2. d4 d5 3. exd5 cxd5 4. Bd3 Nc6 5. c3 Qc7 6. h3 e6 {[%emt 0:04:39] B13: Caro-Kann: Exchange Variation and Panov-Botvinnik Attack.} 7. Nf3 Bd6 8. O-O Nge7 {[%emt 0:04:41] White has an edge.} 9. Qc2 {[%emt 0:10:14] [#]} Bd7 $146 ({Predecessor:} 9... Ng6 10. Re1 O-O 11. h4 Re8 12. h5 Nf8 13. h6 g6 14. Bg5 Bf4 15. Bxf4 Qxf4 {0-1 Rublack,V (1577)-Von Schwerin,C (1914) GER-ch U14 Willingen 2008 (2)}) 10. Re1 f6 11. Bxh7 (11. b4 $11) 11... O-O-O $17 12. Na3 Bxa3 13. bxa3 f5 (13... g6 $1 $17 14. Bxg6 Rdg8) 14. Ng5 $36 {[%emt 0:01:51][%mdl 2048] White is pushing.} Nxd4 {[%emt 0:00:06][%mdl 64] Pin} 15. Qd3 (15. Qd2 $11 {remains equal.} Ndc6 16. a4) 15... Ndc6 $17 16. f4 Rde8 (16... Kb8 $17) 17. Rb1 (17. c4 $11) 17... Kb8 18. Be3 (18. Nxe6 $2 Bxe6 19. Rxe6 Rxh7 $19) ({White should try} 18. c4 $15) 18... Ka8 19. Qd2 Bc8 (19... Ref8 $1 $17 {And now ...Rf6 would win.} 20. Rbd1 Qa5) 20. Bd4 Nxd4 21. cxd4 Ref8 22. h4 (22. Nxe6 $2 Bxe6 23. Rxe6 Rxh7 $19) (22. Rxe6 {looks sharper.} Bxe6 23. Nxe6 Qd6 24. Nxf8 Rxf8 25. Qb2) 22... g6 {[%emt 0:02:25] Threatens to win with ...Nc6.} 23. g3 (23. Nxe6 $2 Bxe6 24. Rxe6 Rxh7 $19) 23... Rf6 {[%emt 0:00:33] ...Nc6 would be deadly.} 24. Rec1 Nc6 25. Qb4 Qd7 (25... Rxh7 26. Nxh7 (26. Rxc6 Qxc6 27. Nxh7 Rf7 $11) 26... Rf7 27. Nf8 $16) ({Black should play} 25... Bd7 $1 $15) 26. Qb5 $1 $11 Re8 (26... Rxh7 $2 27. Nxh7 (27. Rxc6 Rh8 $16) 27... Rf7 28. Ng5 $18) (26... Nxd4 27. Qb2 e5 28. fxe5 $14) (26... Qc7 $11 {keeps the balance.}) 27. a4 (27. Nf3 $1 $16 ) 27... Qc7 (27... Nxd4 28. Qb2 e5 29. fxe5 $14) 28. a5 Qxa5 (28... a6 $11 {and Black has nothing to worry.} 29. Qa4 Re7) 29. Rxc6 (29. Qxa5 $18 {[%cal Oc1c6] Threatening mate with Rxc6!} Nxa5 30. Rc7) 29... Qxb5 $16 30. Rxc8+ Rxc8 31. Rxb5 b6 {[%emt 0:07:57] Dodges Rc5} 32. Rb2 Kb7 33. Re2 Re8 34. Rc2 Rc8 $2 (34... a5 $16 {is more resistant.}) 35. Re2 $2 (35. Rxc8 $18 Kxc8 36. Bg8) 35... Re8 36. Kf2 Kc7 37. Ke3 Kd6 $2 (37... b5 $16 {might work better.}) 38. Rc2 $1 $18 Rh8 {[#]} (38... a5 {is a better defense.} 39. Nf3 Rff8) 39. Bxg6 $1 {[%emt 0:00:00][%mdl 576] Deflection} Rxg6 {[%emt 0:02:53][%mdl 4096] Endgame KRR-KRN} 40. Nf7+ Ke7 41. Rc7+ $2 (41. Nxh8 $18 Rxg3+ 42. Kf2) 41... Kf6 $14 42. Nxh8 Rxg3+ $16 {[%emt 0:00:04] KRN-KR} 43. Kf2 (43. Ke2 $1 $16 Rg2+ 44. Kf3) 43... Rg7 $14 {[%emt 0:00:02] Repels Rf7+} 44. Rc8 {[%emt 0:01:58] Hoping for Rf8+.} Rh7 45. Rg8 $1 a6 {[%emt 0:00:00] [#]} (45... Rxh4 46. Rg6+ Ke7 47. Rg7+ Kf8 48. Ng6+ (48. Rxa7 Rxh8 49. Ra8+ Kg7 $11) 48... Kxg7 49. Nxh4 $18) (45... b5 $1 $14) 46. a4 $1 $16 b5 47. axb5 axb5 48. Ke3 b4 49. Kd3 Rh6 (49... Rxh4 50. Rg6+ Ke7 51. Rg7+ Kd6 52. Nf7+ Kc6 53. Nd8+ Kb5 54. Rb7+ (54. Nxe6 Rh3+ 55. Kc2 Rh2+ 56. Kd3 Rh3+ 57. Ke2 Rh2+ 58. Kf3 Rh3+ 59. Kf2 Rh2+ 60. Kf3 Rh3+ 61. Kf2 Rh2+ 62. Kf3 $11) 54... Ka4 55. Nxe6 $16) 50. Kc2 {Kb3 is the strong threat.} Rxh4 51. Rg6+ Ke7 52. Rg7+ Kd6 $1 53. Nf7+ Kc6 $1 54. Kb3 Rxf4 55. Ne5+ Kb6 56. Nd7+ Kb5 57. Nc5 Rf3+ 58. Kc2 {[%emt 0:00:00][%cal Oc5d3] [#]} e5 $1 {[%emt 0:00:00][%cal Be6e5,Be5e4][%mdl 1056] Black has compensation.} 59. Rb7+ $2 (59. Ne6 $11 {and White stays safe.}) (59. Nb7 b3+) 59... Kc4 $19 60. Nd7 $2 {[%emt 0:02:38] [#]} (60. Kd2 Rf2+ 61. Ke1) 60... Rf2+ $1 (60... exd4 61. Ne5+ Kc5 62. Nxf3 Kc4 63. Ne5+ Kc5 64. Kd3 b3 65. Rxb3) 61. Kd1 e4 ({Not} 61... Kxd4 62. Rxb4+ Kc3 63. Nxe5 $11) ({Inferior is} 61... exd4 62. Rc7+ Kb5 63. Rc5+ Ka4 64. Rxd5 $11) 62. Ne5+ Kxd4 63. Nc6+ Kc4 64. Ke1 Rb2 65. Ne5+ Kd4 66. Nc6+ Kc5 67. Nd8 b3 68. Ne6+ Kc4 69. Rc7+ Kd3 70. Nf4+ Kd4 {[%emt 0:00:03] Strongly threatening ...Rb1+.} 71. Rd7 $2 (71. Ne2+ Ke5 72. Re7+ Kd6 73. Rb7) 71... Rb1+ {[%emt 0:00:41] Black is clearly winning.} 72. Ke2 b2 {[%emt 0:00:16] ( -> ...Rh1)} 73. Rb7 Rh1 {[%emt 0:00:17] What a bad dream for White.   Weighted Error Value: White=0.55/Black=0.37} 0-1

[Event "Israeli Team-ch 2023"]
[Site "Petah Tikva"]
[Date "2023.01.13"]
[Round "2.19"]
[White "Gelfand, Boris"]
[Black "Boruchovsky, Avital"]
[Result "1/2-1/2"]
[ECO "E11"]
[WhiteElo "2667"]
[BlackElo "2553"]
[Annotator "TA"]
[PlyCount "54"]
[EventDate "2023.01.13"]
[EventCountry "ISR"]
[SourceTitle "playchess.com"]
[Source "ChessBase"]
[SourceQuality "1"]
[TimeControl "40/5400+30:1800+30"]

1. d4 e6 2. c4 Nf6 3. Nf3 Bb4+ 4. Nbd2 O-O 5. a3 Bxd2+ 6. Bxd2 b6 7. Bg5 Bb7 8. e3 d6 9. Bd3 h6 10. Bh4 Nbd7 11. O-O g5 {[%emt 0:04:01] E11: Bogo-Indian.} 12. Bg3 Ne4 13. Nd2 {[%emt 0:22:58] [#]} Ndf6 $146 ({Predecessor:} 13... Nxg3 14. fxg3 f5 15. g4 f4 16. Be4 Bxe4 17. Nxe4 Nf6 18. Qf3 Nxe4 19. Qxe4 Qf6 20. exf4 gxf4 {½-½ Fischer,W (2460)-Mokrys,C (2473) EU-ch 2016 ct05 email}) 14. Qc2 Nxd2 15. Qxd2 Ne4 16. Bxe4 Bxe4 17. f3 Bg6 18. b4 a5 19. c5 bxc5 20. bxc5 d5 21. Rae1 {[%emt 0:11:48] Black is weak on the dark squares} Qe7 22. e4 {[%emt 0:01:16] aiming for exd5.} Rfd8 23. Qe3 Rab8 24. Rb1 {[%emt 0:00:13] Strongly threatening Rxb8.} Qd7 (24... dxe4 $11 25. fxe4 a4) 25. Be5 Qe7 26. Bg3 {[%emt 0:05:27] White has more active pieces.} Qd7 27. Be5 Qe7 {[%emt 0:00:09] Weighted Error Value: White=0.22 (precise) /Black=0.15 (very precise)} 1/2-1/2

[Event "Israeli Team-ch 2023"]
[Site "Petah Tikva"]
[Date "2023.01.13"]
[Round "2.20"]
[White "Gorshtein, Ido"]
[Black "Najer, Evgeniy"]
[Result "0-1"]
[ECO "A21"]
[WhiteElo "2498"]
[BlackElo "2662"]
[Annotator "TA"]
[PlyCount "84"]
[EventDate "2023.01.13"]
[EventCountry "ISR"]
[SourceTitle "playchess.com"]
[Source "ChessBase"]
[SourceQuality "1"]
[TimeControl "40/5400+30:1800+30"]

1. c4 e5 2. g3 d6 3. Nc3 f5 4. d4 Be7 5. Bh3 Na6 6. dxe5 {[%emt 0:06:34] A21: English Opening: 1...e5 2 Nc3.} dxe5 7. Qxd8+ Bxd8 8. Nf3 {[%emt 0:09:59] White is slightly better.} Bf6 9. e4 Ne7 10. O-O {[%emt 0:02:14] [#]} O-O $146 ({Predecessor:} 10... Nc5 11. Bg2 Be6 12. b3 Rd8 13. Be3 Nxe4 14. Nxe4 fxe4 15. Ng5 Bxg5 16. Bxg5 h6 {½-½ Bailey,M (2246)-Cruz Carmona,G (2086) WLS/SRCCC/21/D3 2021 [3]}) 11. b3 Nc5 12. Ba3 Nxe4 13. Nxe4 fxe4 14. Bxc8 Rfxc8 15. Nd2 Nc6 16. Nxe4 Rd8 17. Bb2 a5 18. Rfd1 a4 19. Bc3 axb3 20. axb3 Rxa1 21. Rxa1 Be7 {[%emt 0:00:32] Dodges b4} 22. Kf1 Kf7 23. Ke2 Ke6 24. h4 Kf5 25. f3 h5 26. c5 Ke6 27. b4 Nd4+ 28. Kf2 Kd5 29. Bxd4 exd4 $11 {[%emt 0:00:46][%mdl 4096] Endgame KRB-KRN} 30. Ke2 Kc4 31. Rc1+ Kxb4 32. Kd3 Kb5 33. Rc4 (33. g4 $17) 33... Kc6 ({Inferior is} 33... Rf8 34. f4 $17) 34. Rxd4 {[%emt 0:01:44] [#]} Rd5 ({And not} 34... Rf8 35. Ke3 $17) 35. g4 (35. Kc3 {is a better defense.}) 35... hxg4 $19 (35... Bxc5 $2 {loses.} 36. Rxd5 Kxd5 37. Nc3+ Ke5 38. Ne2 $19) 36. fxg4 Bxh4 {[%emt 0:00:03] Hoping for ...Bf6.} 37. Rxd5 $2 (37. g5) 37... Kxd5 {[%emt 0:00:05] KB-KN. Black is clearly winning.} 38. g5 g6 39. Ke3 Ke5 {[%emt 0:00:35] [#] aiming for ...Kf5.} 40. Kf3 Kf5 41. Nc3 Bxg5 42. Nb5 Bd8 {[%emt 0:00:00] Weighted Error Value: White=0.48/Black=0.01 (flawless)} 0-1

[Event "Israeli Team-ch 2023"]
[Site "Petah Tikva"]
[Date "2023.01.13"]
[Round "2.21"]
[White "Zanan, Evgeny"]
[Black "Rozen, Eytan"]
[Result "1-0"]
[ECO "B12"]
[WhiteElo "2483"]
[BlackElo "2440"]
[Annotator "TA"]
[PlyCount "137"]
[EventDate "2023.01.13"]
[EventCountry "ISR"]
[SourceTitle "playchess.com"]
[Source "ChessBase"]
[SourceQuality "1"]
[TimeControl "40/5400+30:1800+30"]

1. e4 c6 2. d4 d5 3. e5 Bf5 4. Nf3 e6 5. Be2 c5 6. Be3 cxd4 7. Nxd4 Ne7 8. O-O $1 {[%emt 0:03:25][%mdl 4] is currently scoring better than 8.Nd2.} Nbc6 9. Bb5 {[%emt 0:04:48] B12: Caro-Kann: Advance Variation.} a6 10. Bxc6+ bxc6 {[%emt 0:00:02] [#] Black is weak on the dark squares} 11. c4 $1 {[%emt 0:00:32] White has an edge.} dxc4 (11... Qd7 {simplifies} 12. Nc3 dxc4 13. Nxf5 Qxd1 14. Nxd1 Nxf5 15. Rc1 Be7) 12. Qa4 Bd3 13. Rd1 {[%emt 0:03:03][%mdl 1024] White has compensation.} Qd7 14. Na3 $1 c5 {[%emt 0:04:57] [#]} 15. Ndb5 $1 Nd5 {[%emt 0:04:15] [#]} (15... axb5 $2 16. Qxa8+ Qd8 17. Qb7 $18) 16. Nc7+ $1 {[%emt 0:03:33][%mdl 64] Decoy} Nxc7 17. Qxd7+ Kxd7 18. Nxc4 {[%emt 0:00:07] Threatens to win with Nb6+.} Nd5 {[%emt 0:00:22] Against Nb6+} 19. Rxd3 {[%emt 0:00:04] [#] And now Nb6+ would win.} Rb8 $146 {[%emt 0:08:38] Wards off Nb6+} ({Predecessor:} 19... Kc7 20. Rc1 Be7 21. Bd2 Rab8 22. Ra3 Kb7 23. Kf1 Ka7 24. Ke2 h6 25. Rc2 Rhd8 {½-½ Sethuraman,S (2624)-Donchenko,A (2511) Gibraltar Masters 13th 2015 (5)}) 20. Ra3 {[%emt 0:14:16] White is more active.} Ra8 21. Rb3 {[%emt 0:08:41] Hoping for Rb7+.} Kc7 {[%emt 0:09:41] Dodges Rb7+} 22. Na5 {[%emt 0:04:32] Strongly threatening Rb7+.} Rb8 {[%emt 0:01:50] Inhibits Rb7+.} 23. Rxb8 Kxb8 24. Rc1 Ka7 25. Nb3 Nxe3 26. fxe3 $14 {[%emt 0:00:31][%cal Oc1f1][%mdl 4096] Endgame KRB-KRN} Be7 27. Nxc5 Rc8 28. Nd3 Rxc1+ 29. Nxc1 {[%emt 0:00:03] KB-KN} Kb6 30. Nd3 Kc6 31. e4 Kb5 32. b3 Bc5+ 33. Kf1 Bd4 (33... a5 $1 $14) 34. Ke2 (34. a4+ $1 $16 Kc6 35. b4) 34... a5 35. a4+ Kb6 36. Kd2 Kc6 37. Kc2 Bg1 ({Better is} 37... Kb7 $14) 38. h3 $1 $16 Bd4 39. b4 $1 axb4 40. Kb3 ({Of course not} 40. Nxb4+ $6 Kc5 41. Kb3 Ba1 $11) 40... h5 (40... Bg1 $16) 41. Kxb4 $18 Kb6 $2 (41... g5 $16 42. g4 hxg4 43. hxg4 Bg1) 42. a5+ $1 Ka6 (42... Kc6 {was necessary.} 43. Kc4 Ba1) 43. Ka4 $1 Bc3 44. Nb4+ Kb7 45. Kb5 $1 Bxe5 {[%emt 0:00:00] [#]} 46. a6+ ({White has to play} 46. Nc6 $1 $18 Bf6 47. a6+ Kc7 48. a7) 46... Kc7 $2 {[%emt 0:00:00] Black cannot hold the game after this.} (46... Ka8 $16 47. Nc6 Bb2) 47. Nc6 Bf6 48. Kc5 Bg5 {[%emt 0:00:00] [#]} 49. a7 $1 Be3+ 50. Kc4 Kb7 51. Nd8+ Kxa7 52. Nxf7 Kb6 53. Nd8 g6 54. Nxe6 Kc6 55. e5 Kd7 56. Nf8+ Ke7 57. Nxg6+ Kf7 58. Nh4 Ke6 59. Nf3 Bb6 60. g4 hxg4 61. hxg4 Ba7 {[%emt 0:00:00] White mates.} 62. g5 Be3 63. g6 Bh6 64. Kd4 Kf5 65. Nh4+ Kg5 66. Kd5 Bg7 67. e6 Kf6 68. Nf5 {[%emt 0:00:28][%mdl 64] Deflection, Promotion} Bf8 69. g7 {[%emt 0:00:08] Artfully played by Zanan.   Weighted Error Value: White=0.06 (flawless) /Black=0.23 (precise)} 1-0

[Event "Israeli Team-ch 2023"]
[Site "Petah Tikva"]
[Date "2023.01.13"]
[Round "2.22"]
[White "Erenberg, Ariel"]
[Black "Bronstein, Or"]
[Result "1/2-1/2"]
[ECO "A29"]
[WhiteElo "2504"]
[BlackElo "2447"]
[Annotator "TA"]
[PlyCount "58"]
[EventDate "2023.01.13"]
[EventCountry "ISR"]
[SourceTitle "playchess.com"]
[Source "ChessBase"]
[SourceQuality "1"]
[TimeControl "40/5400+30:1800+30"]

1. c4 Nf6 2. Nc3 e5 3. Nf3 Nc6 4. g3 d5 5. cxd5 Nxd5 6. Bg2 Bc5 7. O-O O-O 8. d3 h6 9. Bd2 {[%emt 0:18:40][%cal Of3e5] A29: English Opening: Four Knights Variation with 4 g3.} Nf6 10. a3 a5 11. Rc1 Re8 {[%emt 0:00:29] [#]} 12. Ne1 $146 ({Predecessor:} 12. Na4 Bd6 13. Nc5 Bxc5 14. Rxc5 e4 15. dxe4 Nxe4 16. Rc2 Bf5 17. Qc1 Nd6 18. Rc5 Rxe2 {1-0 Vachier Lagrave,M (2750)-So,W (2776) Bucharest Superbet Classic 2nd playoff rapid 2022 (2)}) 12... Nd4 13. e3 Nf5 (13... Bg4 $2 14. f3 Nf5 15. Qe2 $18 (15. fxg4 Nxe3 16. Bxe3 Bxe3+ 17. Kh1 Bxc1 $16)) 14. Ne4 Bb6 15. Nc5 c6 16. b4 Nd6 17. Qb3 axb4 18. axb4 Nb5 19. Qb2 Nd7 20. Ne4 Bc7 21. Nc3 Nxc3 22. Bxc3 Nb6 23. b5 Na4 24. Qb1 Nxc3 25. Rxc3 cxb5 26. Qxb5 {[%emt 0:00:21][%cal Oc3c7] [#] Hoping for Rxc7!} Ra5 27. Qb1 Ra7 28. Rb3 (28. Nf3 $5 ) 28... Ba5 29. Bxb7 Bxb7 {[%emt 0:00:16] Weighted Error Value: White=0.07 (flawless) /Black=0.05 (flawless)} 1/2-1/2

[Event "Israeli Team-ch 2023"]
[Site "Petah Tikva"]
[Date "2023.01.13"]
[Round "2.23"]
[White "Kaspi, Alexander"]
[Black "Raznikov, Danny"]
[Result "1/2-1/2"]
[ECO "E37"]
[WhiteElo "2412"]
[BlackElo "2482"]
[Annotator "TA"]
[PlyCount "41"]
[EventDate "2023.01.13"]
[EventCountry "ISR"]
[SourceTitle "playchess.com"]
[Source "ChessBase"]
[SourceQuality "1"]
[TimeControl "40/5400+30:1800+30"]

1. d4 Nf6 2. c4 e6 3. Nc3 Bb4 4. Qc2 d5 5. a3 Bxc3+ 6. Qxc3 Ne4 7. Qc2 c5 8. dxc5 Nc6 9. Nf3 $1 {[%emt 0:00:20][%mdl 4] is currently scoring better than 9.cxd5.} Qa5+ 10. Bd2 {[%emt 0:01:23] E37: Nimzo-Indian: Classical: 4...d5 5 a3 Bxc3+ 6 Qxc3 Ne4.} Qxc5 11. e3 Nxd2 12. Nxd2 dxc4 13. Bxc4 Bd7 14. Rc1 (14. b4 $5 Qb6 15. O-O $14) 14... O-O {[%emt 0:05:20] [#] Black did not feel at home in the position after the opening.   Weighted Error Value: White=0.02 (flawless) /Black=0.04 (flawless)} {Predecessor:} 15. Nb3 $146 Qe7 16. Bd3 h6 17. O-O Rac8 18. Qe2 Nb8 19. Bb1 e5 20. Qd3 g6 21. Na5 {½-½ Lahiri,A (2353)-Chiaretti,R (2209) Pardubice Czech op-A 21st 2010 (5)} 1/2-1/2

[Event "Israeli Team-ch 2023"]
[Site "Petah Tikva"]
[Date "2023.01.13"]
[Round "2.24"]
[White "Mindlin, Alon"]
[Black "Oratovsky, Michael"]
[Result "1/2-1/2"]
[ECO "C41"]
[WhiteElo "2432"]
[BlackElo "2422"]
[Annotator "TA"]
[PlyCount "40"]
[EventDate "2023.01.13"]
[EventCountry "ISR"]
[SourceTitle "playchess.com"]
[Source "ChessBase"]
[SourceQuality "1"]
[TimeControl "40/5400+30:1800+30"]

1. d4 d6 2. e4 Nf6 3. Nc3 e5 4. Nf3 Nbd7 5. g3 c6 6. Bg2 Be7 7. O-O O-O 8. a4 Re8 9. Re1 {[%emt 0:04:09] C41: Philidor Defence.} Bf8 10. a5 Rb8 11. h3 {[%emt 0:04:47] [#] White is slightly better.} b5 $146 ({Predecessor:} 11... Qc7 12. g4 g6 13. Bg5 h5 14. gxh5 Nxh5 15. Qd2 Bg7 16. dxe5 dxe5 17. Be3 Ra8 {0-1 Hernando Casas,J (2029)-Argandona Riveiro,I (2375) Mondragon Arrasate Hiria op 9th 2009 (2)}) 12. axb6 axb6 13. d5 cxd5 14. Nxd5 Nxd5 15. exd5 Bb7 16. Ra7 Qc7 17. Re3 Ra8 18. Rc3 Qb8 19. Rxa8 Bxa8 {[%emt 0:01:15] Black is weak on the light squares} 20. Nh4 g6 {[%emt 0:21:59] Inhibits Nf5.   Weighted Error Value: White=0.08 (flawless) /Black=0.11 (very precise)} 1/2-1/2

[Event "Israeli Team-ch 2023"]
[Site "Petah Tikva"]
[Date "2023.01.13"]
[Round "2.25"]
[White "Bernadskiy, Vitaliy"]
[Black "Mesropov, Konstantin"]
[Result "1-0"]
[ECO "C18"]
[WhiteElo "2609"]
[BlackElo "2437"]
[Annotator "TA"]
[PlyCount "127"]
[EventDate "2023.01.13"]
[EventCountry "ISR"]
[SourceTitle "playchess.com"]
[Source "ChessBase"]
[SourceQuality "1"]
[TimeControl "40/5400+30:1800+30"]

1. e4 e6 2. d4 d5 3. Nc3 Bb4 4. e5 c5 5. a3 Ba5 6. b4 cxd4 7. Nb5 Bc7 8. f4 Bd7 9. Nxc7+ Qxc7 10. Bd3 {[%emt 0:00:04] C18: French: 3 Nc3 Bb4: Main line: 7 h4 and 7 Qg4.} Ne7 11. Nf3 Ba4 12. O-O {[%emt 0:00:45] White has an edge.} a6 13. Nxd4 Nbc6 14. Be3 Nxd4 15. Bxd4 Bb5 {[%emt 0:02:39] Black is weak on the dark squares} 16. a4 Bxd3 17. cxd3 Nf5 18. Rc1 Qd8 {[%emt 0:00:19] [#]} 19. Bf2 $146 ({Predecessor:} 19. Bc5 b6 20. Bf2 d4 21. g4 Ne3 22. Bxe3 dxe3 23. Qe2 Qh4 {½-½ Pommrich,R (2139)-Rahde,F (2251) EU-ch 2019 pr02 email}) 19... d4 20. Qf3 O-O 21. g4 Ne3 22. Bxe3 dxe3 23. Qxe3 Qd7 24. a5 $36 {[%emt 0:06:53][%mdl 2048] Black is under pressure.} Rad8 25. Rf3 {[%emt 0:00:43] White is more active.} (25. Qe4 $14) 25... Rc8 26. Rxc8 Rxc8 $11 {[%emt 0:00:00][%mdl 4096] Endgame KQR-KQR} 27. f5 Qa4 (27... h6 $11 {remains equal.}) 28. fxe6 $16 fxe6 29. Qf4 Qd7 {[%emt 0:00:00] [#] Against Qf7+} ({Black should play} 29... h6 $14) 30. g5 $1 Rd8 {[%emt 0:00:00] [#]} 31. Kg2 $1 Qe8 32. h4 Qg6 33. Kf2 Qe8 34. Ke2 Qg6 35. Kd2 Rc8 36. Ke3 h5 $2 {[%emt 0:01:13][%mdl 8192] A mistake that costs the game.} (36... Qe8 $16 37. Rf1 Qd7) 37. Qe4 $18 Qe8 38. Qxb7 Rb8 39. Qe4 (39. Qxa6 Rxb4 40. Rf4 Rb5 $18) 39... Qe7 $2 (39... Qa4 {is a better defense.} 40. g6 Qa1) 40. Rf4 Qc7 41. Kd2 {[%emt 0:32:37] Inhibits Qc3+.} Rc8 {[%emt 0:05:06] ( -> ...Qc1+)} 42. Qc4 {[%emt 0:00:00] Wards off Qc1+} Qd7 43. Rd4 Qe8 44. Qxa6 Kh7 45. Qb7 {[%emt 0:00:00] aiming for Rd7.} Qf8 46. Qe4+ Kh8 47. Qf4 {[%emt 0:00:00] Qxf8+ would kill now.} Qe8 48. Rc4 {[%emt 0:00:00] Intending Rxc8 and mate.} Rd8 49. Kc3 Qa4 50. Kb2 Qd1 51. Qe4 g6 52. Rc1 ({Worse is} 52. Qxg6 Qd2+ 53. Kb1 Qd1+ 54. Kb2 Qd2+ 55. Kb3 Rxd3+ 56. Ka4 Ra3+ 57. Kxa3 Qa2+ 58. Kxa2 $11) 52... Qd2+ 53. Rc2 Qd1 54. a6 {[%emt 0:00:00] White threatens a7 and mate.} Qg1 55. Qf4 {[%emt 0:00:00] White mates.} Kg8 56. Rf2 Rc8 57. Qf7+ Kh8 58. Qf6+ ({And not} 58. Ka2 Rc2+ 59. Rxc2 Qa1+ 60. Kxa1 $11 (60. Kb3 Qa3+ 61. Kc4 Qxb4+ 62. Kxb4 $11)) 58... Kh7 59. Qe7+ Kh8 60. Rf8+ Rxf8 61. Qxf8+ Kh7 62. Qh6+ Kg8 63. Qxg6+ Kf8 64. Qf6+ {[%emt 0:00:00] Weighted Error Value: White=0.12 (very precise) /Black=0.49} 1-0

[Event "Israeli Team-ch 2023"]
[Site "Petah Tikva"]
[Date "2023.01.13"]
[Round "2.26"]
[White "Soffer, Ram"]
[Black "Manor, Ilan"]
[Result "0-1"]
[ECO "B06"]
[WhiteElo "2475"]
[BlackElo "2464"]
[Annotator "TA"]
[PlyCount "100"]
[EventDate "2023.01.13"]
[EventCountry "ISR"]
[SourceTitle "playchess.com"]
[Source "ChessBase"]
[SourceQuality "1"]
[TimeControl "40/5400+30:1800+30"]

1. e4 g6 2. d4 Bg7 3. Nc3 d6 4. g3 Nc6 5. Be3 Nf6 6. h3 {[%emt 0:00:57] Prevents Ng4. B06: Modern Defence.} e5 7. Nge2 d5 8. Bg2 {[%emt 0:07:52][%cal Re4d5] [#] White has an edge.} Be6 $146 ({Predecessor:} 8... Nxe4 9. dxe5 Nxc3 10. Nxc3 O-O 11. Qxd5 Bxe5 12. O-O-O Qf6 13. Qc5 Bxc3 14. bxc3 Be6 {½-½ Danin,A (2559)-Onischuk,V (2610) Dresden ZMD op 2017 (7)}) 9. dxe5 Nxe4 10. Nxe4 dxe4 11. Nd4 Bd5 {[%emt 0:07:10] [#]} 12. c4 $1 {[%emt 0:08:41][%mdl 64] Deflection} Bxc4 13. Nxc6 (13. Bxe4 Nxe5 14. Qa4+ b5 $17) 13... bxc6 14. Bxe4 O-O 15. Qxd8 (15. Bxc6 Bxe5 16. Qc2 Bd3 $15) (15. f4 $5 ) 15... Raxd8 16. f4 f6 17. Bc5 ({Of course not} 17. Bxc6 fxe5 18. Bc5 Rf5 $17) 17... Rfe8 18. Bxc6 ({But not} 18. Bxa7 fxe5 19. Rc1 Bd5 20. Bxd5+ cxd5 $17) 18... Re6 19. Be4 fxe5 20. f5 gxf5 21. Bxf5 Ree8 22. b3 Bd3 23. Bxd3 Rxd3 24. Rd1 Rc3 25. b4 (25. Bb4 $11 Rc2 26. Rd2 Rc1+ 27. Rd1) 25... e4 26. Rh2 Rxg3 27. Bxa7 (27. Kf2 $15 Rd3 28. Ke2) 27... Bc3+ $17 28. Kf2 Rf3+ 29. Ke2 $2 (29. Kg1 $17 {is the only way for White.}) 29... Bxb4 $2 ({Black should play} 29... Ra8 $1 $19 30. Rg2+ Kf7 31. Rd7+ Ke6 32. Rxc7 Bd4 33. Rxh7 Re3+ 34. Kd1 Bxa7 35. Rg6+ Kf5) 30. Rd7 Re7 31. Rd8+ Kf7 {[%emt 0:00:08] Black is more active.} 32. Rf2 {[%emt 0:00:59] White is on the road to losing.} (32. Be3 $15) 32... c5 $19 33. Bb8 Rxf2+ 34. Kxf2 {[%emt 0:00:00][%mdl 4096] Endgame [#] KRB-KRB} Bc3 $1 {[%emt 0:01:27] Threatens to win with ...Bd4+.} 35. Bf4 {[%emt 0:01:39] [#]} Bd4+ 36. Be3 Re8 {[%emt 0:00:14] Against Bxd4} 37. Rd6 (37. Rxe8 {keeps fighting.} Kxe8 38. Ke2) 37... Ke7 38. Rh6 (38. Ra6) 38... Ra8 39. Rh4 Rxa2+ 40. Ke1 Bxe3 41. Rxe4+ Kd6 42. Rxe3 {[%emt 0:00:04] KR-KR} Rh2 43. Kd1 Kd5 44. Kc1 Kd4 45. Rg3 c4 46. Rf3 h5 {[%emt 0:00:00] aiming for ...h4.} 47. Kb1 Re2 48. Rf5 Re5 49. Rf4+ Kd3 50. Ka2 c3 {[%emt 0:00:00] Weighted Error Value: White=1.03/Black=0.24 (precise)} 0-1

[Event "Israeli Team-ch 2023"]
[Site "Petah Tikva"]
[Date "2023.01.13"]
[Round "2.27"]
[White "Tzidkiya, Yeshaayahu"]
[Black "Bakalchuk, Johnatan"]
[Result "1/2-1/2"]
[ECO "B77"]
[WhiteElo "2415"]
[BlackElo "2442"]
[Annotator "TA"]
[PlyCount "48"]
[EventDate "2023.01.13"]
[EventCountry "ISR"]
[SourceTitle "playchess.com"]
[Source "ChessBase"]
[SourceQuality "1"]
[TimeControl "40/5400+30:1800+30"]

1. e4 c5 2. Nf3 g6 3. d4 cxd4 4. Nxd4 Bg7 5. Nc3 Nc6 6. Be3 Nf6 7. Bc4 O-O 8. Bb3 d6 9. f3 Bd7 10. Qd2 Nxd4 11. Bxd4 b5 12. a4 b4 {[%emt 0:07:18] 12...bxa4 is more fashionable. B77: Sicilian Dragon: Yugoslav Attack, 9 Bc4 sidelines.} 13. Nd5 Nxd5 $1 14. Bxg7 Kxg7 15. exd5 Qb6 16. h4 h5 17. O-O-O Qa5 18. Qd4+ f6 19. g4 {[%emt 0:07:31] [#] aiming for gxh5.} Rh8 $146 ({Predecessor:} 19... Bxa4 20. Bxa4 Qxa4 21. gxh5 Rac8 22. Rh2 gxh5 23. Kb1 Kf7 24. Re2 Ke8 25. Rde1 Kd8 26. b3 Qa5 27. Rxe7 Qc5 28. Qe4 f5 29. Rd7+ {1-0 Jacko,V (2237)-Brzeski,M (2338) Krakow 5th 2014 (3)}) 20. Rdg1 {[%emt 0:13:10] Hoping for Qe4.} Kf7 21. Qe4 {[%emt 0:03:08] gxh5 would be deadly.} Rag8 {[%emt 0:01:18] [#]} 22. Rg3 (22. Re1 $1 $16 Re8 23. Kb1) 22... Rg7 $1 $11 {[%emt 0:01:27] The position is equal.} 23. Kb1 Qc5 24. Rg2 Kf8 {[%emt 0:02:57] Weighted Error Value: White=0.13 (very precise) /Black=0.06 (flawless)} 1/2-1/2